[ AOE2 MATCH · #493771889 ]
UnrankedJapanese vs Georgians
Player's team · WIN
[ REPLAY ANALYSIS · EXTRACTED FROM THE RECORDED GAME ]
Feudal
10:31
Castle
15:50
Imperial
36:07
| APM avg | 34.0 |
| APM peak | 88 |
| eAPM avg | 21.3 |
| Villagers / military | 109 / 39 |
Focus
⚔️ 30.9% · 🌾 69.1%
Spearman ×29 · Samurai ×7 · Fishing Ship ×4 · Trebuchet (Packed) ×2 · Archer ×1
Feudal
10:40
Castle
23:44
Imperial
—
| APM avg | 72.8 |
| APM peak | 142 |
| eAPM avg | 31.3 |
| Villagers / military | 72 / 44 |
Focus
⚔️ 41.8% · 🌾 58.2%
Knight ×19 · Militia ×13 · Skirmisher ×9 · Petard ×3
Match map
Initial resources + every placement click. Lines = walls · curves = elevation contours. ◆ gold · ⬟ stone · ● berries · ✦ relic · ◌ wall gap
Your base· ✓ Closed at 15:50 · 42t walls · no gate
[Not TyRant ]Not The Viper's base· Open — opponent sealed themselves in
Smoothed initial terrain · ◌ = detected wall gap · hover for details
Inputs per minute
— TQLeo - - [Not TyRant ]Not The Viper
Build order — TQLeo
First 150 of 254 actions detected
| 0:01 | Create | Villager (Male) |
| 0:01 | Create | Villager (Male) |
| 0:01 | Create | Villager (Male) |
| 0:01 | Create | Villager (Male) |
| 0:02 | Create | Villager (Male) |
| 0:03 | Build | House |
| 0:04 | Build | House |
| 1:28 | Create | Villager (Male) |
| 1:54 | Build | Lumber Camp |
| 2:04 | Create | Villager (Male) |
| 2:04 | Create | Villager (Male) |
| 2:23 | Create | Villager (Male) |
| 2:23 | Create | Villager (Male) |
| 2:47 | Create | Villager (Male) |
| 2:49 | Create | Villager (Male) |
| 2:59 | Build | House |
| 3:21 | Create | Villager (Male) |
| 3:22 | Create | Villager (Male) |
| 3:53 | Create | Villager (Male) |
| 4:00 | Build | Mill |
| 4:08 | Create | Villager (Male) |
| 4:56 | Create | Villager (Male) |
| 4:56 | Create | Villager (Male) |
| 4:56 | Create | Villager (Male) |
| 4:57 | Create | Villager (Male) |
| 4:57 | Create | Villager (Male) |
| 4:57 | Create | Villager (Male) |
| 5:45 | Create | Villager (Male) ×3 |
| 5:45 | Create | Villager (Male) ×3 |
| 5:56 | Build | House |
| 5:58 | Build | Palisade Wall |
| 6:02 | Build | Palisade Wall |
| 6:29 | Build | House |
| 6:31 | Build | Palisade Wall |
| 6:46 | Build | Mining Camp |
| 7:36 | Build | House |
| 7:39 | Build | Palisade Wall |
| 7:44 | Build | Palisade Wall |
| 7:55 | Research | Feudal Age |
| 7:55 | Research | Feudal Age |
| 8:10 | Build | Palisade Wall |
| 8:13 | Build | House |
| 9:41 | Create | Villager (Male) |
| 9:42 | Create | Villager (Male) |
| 9:42 | Create | Villager (Male) |
| 9:56 | Build | Palisade Wall |
| 9:58 | Build | Palisade Wall |
| 10:00 | Build | Palisade Wall |
| 10:08 | Build | Palisade Wall |
| 10:28 | Build | Dock |
| 10:31 | Age | Feudal Age |
| 10:41 | Create | Villager (Male) |
| 11:06 | Build | Barracks |
| 11:53 | Build | Archery Range |
| 12:07 | Create | Villager (Male) |
| 12:16 | Research | Loom |
| 12:31 | Build | Blacksmith |
| 12:43 | Build | Mining Camp |
| 12:48 | Create | Archer |
| 12:54 | Build | House |
| 13:10 | Research | Castle Age |
| 13:44 | Create | Fishing Ship |
| 13:58 | Build | House |
| 14:15 | Research | Double-Bit Axe |
| 14:15 | Research | Double-Bit Axe |
| 14:27 | Build | House |
| 14:32 | Build | Farm |
| 14:33 | Build | Farm |
| 14:43 | Create | Fishing Ship |
| 15:09 | Build | Lumber Camp |
| 15:14 | Build | House |
| 15:20 | Build | Palisade Wall |
| 15:26 | Build | Palisade Wall |
| 15:50 | Age | Castle Age |
| 16:31 | Build | Town Center |
| 17:05 | Create | Villager (Male) |
| 17:06 | Create | Villager (Male) |
| 17:06 | Create | Villager (Male) |
| 17:10 | Research | Fletching |
| 17:38 | Research | Town Watch |
| 17:39 | Create | Villager (Male) |
| 17:39 | Create | Villager (Male) |
| 18:34 | Build | Town Center |
| 18:39 | Create | Villager (Male) |
| 18:39 | Create | Villager (Male) |
| 19:12 | Create | Villager (Male) |
| 19:13 | Create | Villager (Male) |
| 19:24 | Build | Outpost |
| 19:37 | Create | Villager (Male) |
| 19:47 | Create | Villager (Male) |
| 20:19 | Create | Villager (Male) |
| 20:25 | Build | Farm |
| 20:25 | Build | Farm |
| 20:42 | Create | Villager (Male) |
| 20:42 | Create | Villager (Male) |
| 21:16 | Build | Castle |
| 21:29 | Build | Castle |
| 21:42 | Create | Villager (Male) |
| 21:42 | Create | Villager (Male) |
| 21:50 | Build | Farm |
| 21:54 | Build | Farm |
| 21:55 | Create | Villager (Male) |
| 21:56 | Create | Villager (Male) |
| 22:07 | Build | Dock |
| 22:31 | Create | Villager (Male) |
| 22:31 | Create | Villager (Male) |
| 22:58 | Create | Samurai ×2 |
| 22:58 | Create | Samurai ×2 |
| 23:03 | Build | Market |
| 23:27 | Create | Samurai |
| 23:27 | Create | Samurai |
| 24:01 | Research | Squires |
| 24:02 | Create | Villager (Male) |
| 24:06 | Create | Fishing Ship |
| 24:07 | Create | Fishing Ship |
| 24:18 | Build | Farm |
| 24:19 | Build | Farm |
| 24:20 | Build | Farm |
| 24:21 | Build | Farm |
| 24:52 | Create | Villager (Male) |
| 24:52 | Create | Villager (Male) |
| 25:00 | Create | Villager (Male) |
| 25:00 | Create | Villager (Male) |
| 25:12 | Create | Villager (Male) |
| 25:27 | Create | Villager (Male) |
| 25:27 | Create | Villager (Male) |
| 25:27 | Create | Villager (Male) |
| 25:32 | Build | Farm |
| 25:33 | Build | Farm |
| 25:34 | Build | Farm |
| 25:35 | Build | Farm |
| 25:59 | Create | Villager (Male) |
| 25:59 | Create | Villager (Male) |
| 25:59 | Create | Villager (Male) |
| 26:08 | Build | Farm |
| 26:09 | Build | Farm |
| 26:09 | Build | Farm |
| 26:14 | Build | Farm |
| 26:29 | Create | Villager (Male) |
| 26:30 | Create | Villager (Male) |
| 26:30 | Create | Villager (Male) |
| 26:30 | Create | Villager (Male) |
| 26:42 | Build | Castle |
| 26:50 | Create | Villager (Male) |
| 26:50 | Create | Villager (Male) |
| 26:51 | Create | Villager (Male) |
| 26:51 | Create | Villager (Male) |
| 26:51 | Create | Villager (Male) |
| 27:17 | Create | Villager (Male) |
| 27:18 | Create | Villager (Male) |
Build order — [Not TyRant ]Not The Viper
First 150 of 226 actions detected
| 0:01 | Create | Villager (Male) |
| 0:02 | Create | Villager (Male) |
| 0:02 | Create | Villager (Male) |
| 0:02 | Create | Villager (Male) |
| 0:03 | Build | House |
| 0:06 | Build | House |
| 1:36 | Create | Villager (Male) |
| 2:08 | Create | Villager (Male) |
| 2:08 | Create | Villager (Male) |
| 2:42 | Create | Villager (Male) |
| 2:42 | Create | Villager (Male) |
| 2:58 | Create | Villager (Male) |
| 2:58 | Create | Villager (Male) |
| 3:30 | Create | Villager (Male) |
| 3:30 | Create | Villager (Male) |
| 4:03 | Create | Villager (Male) |
| 4:03 | Create | Villager (Male) |
| 4:08 | Build | House |
| 4:27 | Build | Barracks |
| 4:33 | Create | Villager (Male) |
| 4:52 | Create | Villager (Male) |
| 5:00 | Create | Villager (Male) |
| 5:04 | Build | Mill |
| 5:09 | Build | House |
| 5:39 | Create | Militia |
| 5:39 | Create | Militia |
| 5:55 | Create | Villager (Male) |
| 6:06 | Create | Militia |
| 6:18 | Create | Villager (Male) |
| 6:41 | Create | Villager (Male) |
| 7:00 | Create | Villager (Male) |
| 7:31 | Create | Villager (Male) |
| 7:47 | Research | Loom |
| 7:47 | Research | Loom |
| 8:30 | Research | Feudal Age |
| 8:30 | Research | Feudal Age |
| 8:44 | Create | Militia |
| 8:44 | Create | Militia |
| 9:02 | Create | Militia |
| 9:02 | Create | Militia |
| 9:09 | Build | House |
| 9:59 | Create | Militia |
| 10:03 | Build | House |
| 10:24 | Create | Militia |
| 10:40 | Age | Feudal Age |
| 10:42 | Research | Man-at-Arms (upgrade) |
| 10:43 | Research | Man-at-Arms (upgrade) |
| 10:43 | Research | Double-Bit Axe |
| 10:43 | Research | Double-Bit Axe |
| 10:54 | Build | Watch Tower |
| 11:03 | Create | Villager (Male) |
| 11:34 | Create | Villager (Male) |
| 11:58 | Research | Arson |
| 11:58 | Research | Arson |
| 12:12 | Build | Farm |
| 12:14 | Build | Farm |
| 12:15 | Build | Farm |
| 12:19 | Build | Farm |
| 12:25 | Build | Farm |
| 12:29 | Create | Militia |
| 12:29 | Create | Militia |
| 12:30 | Create | Militia |
| 13:04 | Create | Villager (Male) |
| 13:06 | Build | Farm |
| 13:17 | Create | Militia |
| 13:22 | Build | Archery Range |
| 13:48 | Build | Farm |
| 13:49 | Create | Villager (Male) |
| 13:50 | Build | Farm |
| 13:57 | Build | Blacksmith |
| 14:02 | Build | Mule Cart |
| 14:04 | Create | Villager (Male) |
| 14:06 | Create | Skirmisher |
| 14:17 | Build | House |
| 14:18 | Build | House |
| 14:28 | Create | Skirmisher |
| 14:37 | Build | House |
| 15:00 | Research | Fletching |
| 15:01 | Research | Fletching |
| 15:03 | Build | Farm |
| 15:05 | Build | House |
| 15:20 | Create | Skirmisher |
| 15:36 | Create | Skirmisher |
| 15:47 | Build | Palisade Wall |
| 15:55 | Build | Palisade Wall |
| 15:57 | Create | Skirmisher |
| 16:11 | Research | Scale Mail Armor |
| 16:12 | Research | Scale Mail Armor |
| 16:19 | Build | House |
| 16:35 | Create | Villager (Male) |
| 16:45 | Create | Skirmisher |
| 16:50 | Build | Farm |
| 16:50 | Build | Farm |
| 17:02 | Build | House |
| 17:12 | Create | Villager (Male) |
| 17:32 | Build | Outpost |
| 17:41 | Create | Skirmisher |
| 17:52 | Build | Watch Tower |
| 17:58 | Build | Watch Tower |
| 18:04 | Create | Villager (Male) |
| 18:05 | Create | Villager (Male) |
| 18:08 | Build | Farm |
| 18:30 | Build | Farm |
| 18:31 | Build | Farm |
| 18:32 | Build | Farm |
| 18:44 | Build | Stone Wall |
| 18:46 | Build | Stone Wall |
| 18:48 | Build | Stone Wall |
| 19:13 | Build | Stone Wall |
| 19:13 | Build | Stone Wall |
| 19:35 | Create | Villager (Male) |
| 19:38 | Build | Farm |
| 19:46 | Build | Stone Wall |
| 19:46 | Build | Stone Wall |
| 19:47 | Build | Stone Wall |
| 19:47 | Build | Stone Wall |
| 19:48 | Build | Stone Wall |
| 19:55 | Build | Farm |
| 20:02 | Create | Skirmisher |
| 20:54 | Build | Stone Wall |
| 20:55 | Build | Stone Wall |
| 20:58 | Build | Stone Wall |
| 21:04 | Research | Castle Age |
| 21:04 | Research | Castle Age |
| 21:12 | Create | Skirmisher |
| 21:31 | Create | Villager (Male) |
| 21:36 | Build | Watch Tower |
| 21:49 | Build | Outpost |
| 22:00 | Build | Watch Tower |
| 22:56 | Create | Villager (Male) |
| 22:58 | Build | Stable |
| 23:44 | Age | Castle Age |
| 23:47 | Create | Knight |
| 23:51 | Build | Stable |
| 23:52 | Create | Villager (Male) |
| 23:59 | Create | Villager (Male) |
| 24:12 | Create | Villager (Male) |
| 24:13 | Create | Knight |
| 24:26 | Create | Knight |
| 24:30 | Build | Stable |
| 24:31 | Create | Villager (Male) |
| 25:10 | Create | Knight |
| 25:12 | Create | Villager (Male) |
| 25:13 | Research | Scale Barding Armor |
| 25:14 | Research | Scale Barding Armor |
| 25:20 | Create | Villager (Male) |
| 25:22 | Build | Farm |
| 25:23 | Build | Farm |
| 25:24 | Create | Knight |
| 25:25 | Build | House |
Match timeline
| 4:27 | [Not TyRant ]Not The Viper · first_building Barracks |
| 5:58 | TQLeo · wall_segment Palisade Wall x3 |
| 6:02 | TQLeo · wall_segment Palisade Wall x7 |
| 6:31 | TQLeo · wall_segment Palisade Wall x10 |
| 7:39 | TQLeo · wall_segment Palisade Wall x8 |
| 7:44 | TQLeo · wall_segment Palisade Wall x1 |
| 8:10 | TQLeo · wall_segment Palisade Wall x3 |
| 9:56 | TQLeo · wall_segment Palisade Wall x1 |
| 9:58 | TQLeo · wall_segment Palisade Wall x5 |
| 10:00 | TQLeo · wall_segment Palisade Wall x2 |
| 10:08 | TQLeo · wall_segment Palisade Wall x1 |
| 10:28 | TQLeo · first_building Dock |
| 10:31 | TQLeo · age_up feudal |
| 10:40 | [Not TyRant ]Not The Viper · age_up feudal |
| 11:06 | TQLeo · first_building Barracks |
| 11:53 | TQLeo · first_building Archery Range |
| 13:22 | [Not TyRant ]Not The Viper · first_building Archery Range |
| 15:20 | TQLeo · wall_segment Palisade Wall x1 |
| 15:26 | TQLeo · wall_segment Palisade Wall x1 |
| 15:47 | [Not TyRant ]Not The Viper · wall_segment Palisade Wall x1 |
| 15:50 | TQLeo · age_up castle |
| 15:55 | [Not TyRant ]Not The Viper · wall_segment Palisade Wall x1 |
| 18:44 | [Not TyRant ]Not The Viper · wall_segment Stone Wall x1 |
| 18:46 | [Not TyRant ]Not The Viper · wall_segment Stone Wall x1 |
| 18:48 | [Not TyRant ]Not The Viper · wall_segment Stone Wall x1 |
| 19:13 | [Not TyRant ]Not The Viper · wall_segment Stone Wall x1 |
| 19:13 | [Not TyRant ]Not The Viper · wall_segment Stone Wall x1 |
| 19:46 | [Not TyRant ]Not The Viper · wall_segment Stone Wall x1 |
| 19:46 | [Not TyRant ]Not The Viper · wall_segment Stone Wall x1 |
| 19:47 | [Not TyRant ]Not The Viper · wall_segment Stone Wall x1 |
| 19:47 | [Not TyRant ]Not The Viper · wall_segment Stone Wall x1 |
| 19:48 | [Not TyRant ]Not The Viper · wall_segment Stone Wall x1 |
| 20:54 | [Not TyRant ]Not The Viper · wall_segment Stone Wall x1 |
| 20:55 | [Not TyRant ]Not The Viper · wall_segment Stone Wall x1 |
| 20:58 | [Not TyRant ]Not The Viper · wall_segment Stone Wall x1 |
| 21:16 | TQLeo · first_building Castle |
| 22:58 | [Not TyRant ]Not The Viper · first_building Stable |
| 23:44 | [Not TyRant ]Not The Viper · age_up castle |
| 28:35 | [Not TyRant ]Not The Viper · first_building Castle |
| 28:43 | TQLeo · wall_segment Palisade Wall x1 |
| 32:53 | TQLeo · first_market_buy 500 food |
| 33:08 | TQLeo · wall_segment Stone Wall x1 |
| 33:13 | TQLeo · wall_segment Stone Wall x2 |
| 33:20 | TQLeo · wall_segment Stone Wall x1 |
| 34:35 | [Not TyRant ]Not The Viper · wall_segment Stone Wall x1 |
| 34:36 | [Not TyRant ]Not The Viper · wall_segment Stone Wall x2 |
| 34:37 | [Not TyRant ]Not The Viper · wall_segment Stone Wall x1 |
| 35:07 | [Not TyRant ]Not The Viper · wall_segment Stone Wall x1 |
| 35:15 | [Not TyRant ]Not The Viper · wall_segment Stone Wall x1 |
| 35:16 | [Not TyRant ]Not The Viper · wall_segment Stone Wall x1 |
| 36:07 | TQLeo · age_up imperial |
| 36:25 | [Not TyRant ]Not The Viper · resign |
[ AI ANALYSIS · 1 CREDIT ]
What really happened in this match?
Wolo.gg analyzes every decision: build order, eco, micro, common mistakes by bracket. Personalized analysis on WhatsApp or Discord in 30 seconds.
Civ guide
Japanese
Perfil
Jugador #14812972